 Dungeon Crawl Stone Soup version 0.27.1-1-g398f81649c (webtiles) character file.

Game seed: 16121348389871244780

6 nxtlvl the Grave Robber (level 1, -1/16 HPs)
             Began as a Minotaur Necromancer on Sept 10, 2021.
             Slain by an adder (4 damage)
             ... on level 2 of the Dungeon.
             The game lasted 00:00:41 (120 turns).

nxtlvl the Grave Robber (Minotaur Necromancer)       Turns: 120, Time: 00:00:42

Health: -1/16      AC:  6    Str: 12    XL:     1   Next: 75%
Magic:  1/1        EV:  9    Int: 12    God:
Gold:   0          SH:  0    Dex: 10    Spells: 1/2 levels left

rFire    . . .     SeeInvis .   (no weapon)
rCold    . . .     Faith    .   (no shield)
rNeg     . . .     Spirit   .   c - +0 scale mail
rPois    .         Reflect  .   (helmet restricted)
rElec    .         Harm     .   (no cloak)
rCorr    .         Rampage  .   (no gloves)
Will     .....                  (no boots)
Stlth    ..........             (no amulet)
HPRegen  0.05/turn              (no ring)
MPRegen  0.07/turn              (no ring)

@: no status effects
A: horns 2, retaliatory headbutt
a: no special abilities


You were on level 2 of the Dungeon.
You visited 1 branch of the dungeon, and saw 2 of its levels.

Inventory:

Armour
 c - a +0 scale mail (worn)
Scrolls
 a - a scroll of teleportation {unknown}


   Skills:
 + Level 1.1 Fighting
 + Level 2.5 Dodging
 - Level 1.5 Stealth
 - Level 1.3 Spellcasting
 - Level 2.9 Necromancy


You had one spell level left.
You knew the following spells:

 Your Spells              Type           Power      Damage    Failure   Level
a - Pain                  Necr           28%        1d5       43%         1

Your spell library contained the following spells:

 Spells                   Type           Power      Damage    Failure   Level
 Animate Skeleton         Necr           14%        N/A       43%         1
 Vampiric Draining        Necr           3%         2d6       82%         3
 Animate Dead             Necr           3%         N/A       99%         4
 Agony                    Necr           7%         N/A       100%        5


Dungeon Overview and Level Annotations

Branches:
Dungeon (2/15)

Altars:


Innate Abilities, Weirdness & Mutations

You have a pair of horns on your head.
You reflexively headbutt those who attack you in melee.


Message History

The adder barely misses you.
You closely miss the adder. Your headbutt misses the adder.
The adder bites you.
You barely miss the adder. Your headbutt misses the adder.
The adder closely misses you. The adder completely misses you.
You closely miss the adder. Your headbutt misses the adder.
The adder bites you but does no damage.
You barely miss the adder. The adder bites you.
You closely miss the adder. Your headbutt misses the adder.
The adder bites you but does no damage. x2
You hit the adder but do no damage. The adder closely misses you.
You closely miss the adder. The adder closely misses you.
You closely miss the adder. The adder bites you but does no damage.
You barely miss the adder. You headbutt the adder!
The adder is almost dead.
The adder barely misses you. The adder bites you.
You closely miss the adder.
The adder is almost dead.
The adder closely misses you.
You closely miss the adder. Your headbutt misses the adder.
The adder is almost dead.
The adder bites you but does no damage.
You barely miss the adder.
The adder is almost dead.
The adder completely misses you. The adder bites you but does no damage.
You hit the adder but do no damage.
The adder is almost dead.
The adder bites you but does no damage.
You miss the adder.
The adder is almost dead.
The adder bites you but does no damage.
You barely miss the adder.
The adder is almost dead.
The adder bites you.
* * * LOW HITPOINT WARNING * * *
The adder bites you but does no damage.
You hit the adder but do no damage.
The adder is almost dead.
The adder bites you.
You die...

#.....#
#.....#
....(#########
..!.#.......#
#...#.......#
#...#.......#
#.r##.......#
#SS@.......#
####.######
#######.#
#.....#.#
#.#...†.#
#.#.#.########
#.#.#[)......#
#.#.#<....##.#
####.#.#####.#


You could see 2 adders and a rat.

Vanquished Creatures
  A dart slug (D:2)
  An orc (D:2)
  A quokka (D:2)
3 creatures vanquished.

Notes
Turn   | Place    | Note
-------+----------+-------------------------------------------
     0 | D:1      | nxtlvl the Minotaur Necromancer began the quest for the
                  | Orb.
     0 | D:1      | Reached XP level 1. HP: 14/14 MP: 1/1
    95 | D:2      | Reached skill level 1 in Fighting
   120 | D:2      | Slain by an adder

Illustrated notes

Levels and vault maps discovered:
D:1:      minmay_arrival_arboretum_small, layout_loops_ring,
          shapermc_ecumenical_altar_mp_vishouse
D:2:      layout_basic, basic_altar, serial_shops, shop

Skill      XL: |  1 |
---------------+----+-----
Fighting       | 1 |  1.1
Dodging        | |  2.5
Stealth        | |  1.5
Spellcasting   | |  1.3
Necromancy     | |  2.9

Action                   || total
-------------------------++-------
Melee: Unarmed           ||    41
       Headbutt          ||     3
Armor: Scale mail        ||    12
       Robe              ||     1
Dodge: Dodged            ||    25
